 Dungeon Crawl Stone Soup version 0.31-a0-1002-g8e65716e6e (webtiles) character file.

Game seed: 559181935755382651

998 Azuregosa the Sneak (level 8, -9/54 HPs)
             Began as an Octopode Delver on Nov 9, 2023.
             Mangled by a troll (14 damage)
             ... on level 6 of the Dungeon.
             The game lasted 00:14:15 (4882 turns).

Azuregosa the Sneak (Octopode Delver)               Turns: 4882, Time: 00:14:16

Health: -9/54      AC:  1    Str:  7    XL:     8   Next: 19%
Magic:  8/8        EV: 10    Int: 14    God:
Gold:   57         SH: 10    Dex: 14    Spells: 7/7 levels left

rFire   + + .        s - +9 hammer of Gallantry {holy, rF+ rC+ Str-4}
rCold   + . .        c - +0 kite shield
rNeg    . . .        (helmet restricted)
rPois   .            (no amulet)
rElec   .            n - ring of willpower
rCorr   .            A - ring of protection from fire
SInv    .            (no ring)
Will    +....        (no ring)
Stlth   ++++         (no ring)
HPRegen 0.29/turn    (no ring)
MPRegen 0.11/turn    (no ring)
                     (no ring)

%: no passive effects
@: no status effects
A: almost no armour, amphibious, 8 rings, camouflage 1, gelatinous body 1,
(nimble swimmer 1), tentacles
a: no special abilities


You were on level 6 of the Dungeon.
You visited 1 branch of the dungeon, and saw 6 of its levels.

You collected 227 gold pieces.
You spent 170 gold pieces at shops.

Inventory:

Hand Weapons
 a - a +0 spear
 d - a +4 dagger
 i - a +1 dagger of protection
 q - a +2 flail of protection
 s - the +9 hammer of Gallantry (weapon) {holy, rF+ rC+ Str-4}
   (You found it on level 2 of the Dungeon)

   Str-4:     It affects your strength (-4).
   rF+:       It protects you from fire.
   rC+:       It protects you from cold.
 u - a +3 quarterstaff of chaos
Missiles
 h - 64 stones
 k - 9 poisoned darts
Armour
 c - a +0 kite shield (worn)
Magical Staves
 z - a staff of fire
Jewellery
 n - a ring of willpower (left tentacle)
 A - a ring of protection from fire (right tentacle)
Talismans
 w - a maw talisman
 D - a flux talisman
Wands
 f - a wand of digging (3)
 l - a wand of light (9)
 p - a wand of paralysis (9)
 t - a wand of polymorph (8)
Scrolls
 b - a scroll of fog
 g - 2 scrolls of brand weapon
 j - 2 scrolls of teleportation
 m - a scroll of amnesia
 y - a scroll of summoning
 C - a scroll of poison
 F - a scroll of torment
Potions
 e - a potion of haste
 o - 2 potions of attraction
 r - 2 potions of cancellation
 v - 2 potions of curing
 x - a potion of mutation
 B - a potion of lignification {unknown}
 E - a potion of magic {unknown}
 G - 2 potions of heal wounds {unknown}


   Skills:
 - Level 4.8 Fighting
 + Level 5.1 Maces & Flails
 - Level 2.0 Polearms
 - Level 2.0 Dodging
 - Level 7.0 Stealth
 + Level 6.1 Shields


You had 7 spell levels left.
You didn't know any spells.
Your spell library was empty.

Dungeon Overview and Level Annotations

Branches:
Dungeon (6/15)
 Temple: D:4-7

Altars:
Elyvilon


Innate Abilities, Weirdness & Mutations

You cannot wear most types of armour.
You are amphibious.
You can wear up to eight rings at the same time.
Your skin changes colour to match your surroundings (Stealth+).
Your rubbery body absorbs attacks. (AC +1, EV +1)
((You are camouflaged when in or above water. (Stealth+)))
You have tentacles for arms and can constrict up to eight enemies at once.


Message History

You now have 57 gold pieces (gained 18).
You hear the rapid hiss of a distant avalanche of sand.
A phantom comes into view.
The helpless phantom fails to defend itself.
You bludgeon the phantom!!
The phantom convulses!!
You destroy the phantom!
Your Maces & Flails skill increases to level 5!
Your Shields skill increases to level 6!
You hear the rapid hiss of an avalanche of sand.
A troll comes into view.
Found a leather armour.
The troll shouts!
The troll bites you. The troll barely misses you. You block the troll's attack.
You hit the troll. You squeeze the troll.
The troll is moderately wounded.
The troll bites you! The troll misses you. The troll claws you.
The troll bites you! The troll closely misses you. The troll claws you.
You hit the troll but do no damage.
The troll is lightly wounded.
You block the troll's attack. The troll barely misses you. x2
You barely miss the troll. You squeeze the troll!
The troll is moderately wounded.
The troll bites you! The troll closely misses you.
You block the troll's attack. The troll bites you!
* * * LOW HITPOINT WARNING * * *
You block the troll's attack. x2
The air fills with toxic fumes!
As you read the scroll of poison, it crumbles to dust.
You block the troll's attack. The troll claws you!
* * * LOW HITPOINT WARNING * * *
You block the troll's attack.
Okay, then.
You feel better.
You block the troll's attack. x2; The troll claws you.
* * * LOW HITPOINT WARNING * * *
You feel better. The troll bites you.
* * * LOW HITPOINT WARNING * * *
The troll claws you!
* * * LOW HITPOINT WARNING * * *
The troll claws you!
You die...

# ########.#
#§# #§##
#§§# #§§##
#§§§#
#######§§§#
§§§§§§§§§§##
§§§§§§§@§§§#
§§§§§§§T§§§#
§§§§§§§§§§§#
§§§§§§§§§§§#
§§§§§§§§§§##
§§§§§§§§§§#
§§§§§§§§§##
§§§§§§§§##


You could see a troll.

Vanquished Creatures
  Grinder (D:4)
  An ogre (D:6)
  A centaur (D:5)
  A phantom (D:6)
  2 scorpions
  A jelly (D:4)
  Crazy Yiuf (D:2)
  Jessica (D:2)
  Terence (D:2)
  3 iguanas
  Robin (D:3)
  11 adders
  A white imp (D:6)
  8 ufetubi
  2 worms
  3 dart slugs
  4 orcs
  6 bats
  3 endoplasms
  2 giant cockroaches
  17 goblins
  9 hobgoblins
  7 jackals
  3 kobolds
  3 quokkas
  4 ball pythons
  6 frilled lizards
  4 rats
107 creatures vanquished.

Notes
Turn   | Place    | Note
-------+----------+-------------------------------------------
     0 | D:5      | Azuregosa the Octopode Delver began the quest for the Orb.
     0 | D:5      | Reached XP level 1. HP: 16/16 MP: 1/1
   120 | D:4      | Reached skill level 7 in Stealth
   157 | D:4      | Reached XP level 2. HP: 16/21 MP: 2/2
   693 | D:3      | Found Igal's Magic Scroll Emporium.
   771 | D:1      | Found a faded altar of an unknown god.
   807 | D:1      | Reached XP level 3. HP: 27/27 MP: 3/3
  1569 | D:2      | Noticed Robin
  1625 | D:2      | Reached XP level 4. HP: 12/34 MP: 4/4
  1630 | D:3      | Killed Robin
  1796 | D:2      | Noticed Jessica
  1803 | D:2      | Killed Jessica
  1804 | D:2      | Reached skill level 1 in Shields
  1820 | D:2      | Reached XP level 5. HP: 33/38 MP: 5/5
  1906 | D:2      | Noticed Terence
  1917 | D:2      | Killed Terence
  1962 | D:2      | Identified the +9 hammer of Gallantry {holy, rF+ rC+ Str-4}
  1969 | D:2      | Found a runed translucent door.
  1970 | D:2      | Noticed Crazy Yiuf
  1976 | D:2      | Killed Crazy Yiuf
  2329 | D:3      | Reached skill level 1 in Maces & Flails
  2443 | D:3      | Reached XP level 6. HP: 38/45 MP: 6/6
  2854 | D:4      | Noticed Grinder
  2860 | D:4      | Killed Grinder
  2861 | D:4      | Reached XP level 7. HP: 16/49 MP: 7/7
  3392 | D:5      | Found a white marble altar of Elyvilon.
  3586 | D:5      | Reached skill level 5 in Shields
  4177 | D:3      | Bought a scroll of identify for 20 gold pieces
  4177 | D:3      | Bought a scroll of identify for 20 gold pieces
  4177 | D:3      | Bought a scroll of identify for 20 gold pieces
  4177 | D:3      | Bought a scroll of poison for 40 gold pieces
  4177 | D:3      | Bought a scroll of identify for 20 gold pieces
  4177 | D:3      | Bought a scroll of identify for 20 gold pieces
  4177 | D:3      | Bought a scroll of teleportation for 30 gold pieces
  4425 | D:6      | Reached XP level 8. HP: 42/54 MP: 8/8
  4834 | D:6      | Reached skill level 5 in Maces & Flails
  4873 | D:6      | Noticed a troll
  4880 | D:6      | HP: 2/54 [troll (9)]
  4882 | D:6      | Mangled by a troll

Illustrated notes

Levels and vault maps discovered:
D:1:      lightli_molten_gateway, layout_basic,
          hellmonk_ecumenical_altar_lost_god
D:2:      layout_basic, uniq_crazy_yiuf_cottage, uniq_robin, uniq_terence,
          uniq_jessica
D:3:      layout_loops_ring, serial_shops, shop
D:4:      layout_loops_corners, uniq_grinder
D:5:      layout_loops_ring, elyvilon_altar_3, serial_bayou_ford_a
D:6:      layout_cave_pods, minmay_temple_entry_nine_rooms,
          chequers_ossuary_entry_cave, corexii_shack, minmay_misc_feat_diagonals

Skill      XL: |  1  2  3  4  5  6  7  8 |
---------------+-------------------------+-----
Stealth        | 7 |  7.0
Fighting       | 4 |  4.8
Shields        | 1 3 4 5 6 |  6.1
Maces & Flails | 1 2 4 5 |  5.1
Polearms       | |  2.0
Dodging        | |  2.0

Action                     |  1- 3 |  4- 6 |  7- 9 || total
---------------------------+-------+-------+-------++-------
  Melee: Spear             |    62 |    10 |       ||    72
         Tentacles         |    16 |    15 |    13 ||    44
         Constrict         |    18 |    18 |    11 ||    47
         Punch             |     1 |     1 |     1 ||     3
         Dagger            |       |    29 |       ||    29
         Mace              |       |    45 |    59 ||   104
  Throw: Stone             |       |       |     1 ||     1
    Use: Scroll            |     2 |       |     8 ||    10
         Potion            |     2 |       |     2 ||     4
   Stab: Sleeping          |    12 |     9 |    10 ||    31
 Armour: Skin              |    23 |    38 |    46 ||   107
  Dodge: Dodged            |    18 |    40 |    42 ||   100
  Block: Kite shield       |       |    34 |    39 ||    73

Table legend: (Time is in decaauts)
 A = Elapsed time spent in this place.
 B = Non-inter-level travel time spent in this place.
 C = Inter-level travel time spent in this place.
 D = Time resting spent in this place.
 E = Time spent auto-exploring this place.
 F = Levels seen in this place.
 G = Mean time per level.
                   A        B        C        D        E       F      G
               +--------+--------+--------+--------+--------+-----+--------+
         Total |   4946 |   4759 |    187 |    688 |   2718 |   6 |  824.3 |
       Dungeon |   4946 |   4759 |    187 |    688 |   2718 |   6 |  824.3 |
               +--------+--------+--------+--------+--------+-----+--------+

Top non-repeatable levels by time:
     D:4: 1192 daAuts
     D:2: 934 daAuts
     D:5: 918 daAuts
     D:1: 663 daAuts
     D:6: 629 daAuts
     D:3: 608 daAuts
